Cogmind - Beta 16.1 @@@ ROGUE MODE // 2026.03.16 @ 23:32:07 Player: T216 Result: Destroyed by Y-54 Guardian with Gatling Laser Performance ------------- Evolutions (3) 1500 Regions Visited (7) 1400 Robots Destroyed (100) 500 Value Destroyed (4824) 4824 Prototype IDs (20) 400 Alien Tech Used (0) 0 Bonus (1462) 1462 TOTAL SCORE: 10086 Bonus ------- High Alert Combat Kills 343 Follower Combat Kills 919 Entered Garrisons 200 Cogmind --------- Core Integrity 0/700 Matter 31/300 Energy 100/100 System Corruption 1% Temperature Cool (39) Movement Core (450) Ox8 Location -7/Storage Parts ------- > --- POWER (2) -------- (None) > --- PROPULSION (4) --- (None) > --- UTILITY (5) ------ Large Storage Unit Improved Signal Interpreter Graphene Brace > --- WEAPON (2) ------- Mini Assault Cannon > --- INVENTORY (15) --- VSS Leg VSS Leg Improved Sensor Array Seismic Detector Gun Armor Precision Assault Rifle Proton Missile Launcher Heavy Missile Launcher Ripper Peak State ------------ > --- POWER ------------ Micro Nuclear Core Micro Nuclear Core > --- PROPULSION ------- Carbon-fiber Leg Carbon-fiber Leg VSS Leg VSS Leg > --- UTILITY ---------- Improved Heat Sink Large Storage Unit Improved Signal Interpreter Hardened Medium Armor Plating Graphene Brace > --- WEAPON ----------- Precision Assault Rifle Mass Driver > --- INVENTORY -------- Titanium Leg VSS Leg VSS Leg Improved Sensor Array Seismic Detector Light Armor Plating Gun Armor Precision Assault Rifle Precision Assault Rifle Mini Assault Cannon Mass Driver Mass Driver Proton Missile Launcher Heavy Missile Launcher Ripper [Rating: 54] Favorites ----------- Power Micro Nuclear Core Engine Subdweller Power Source Power Core Micro Nuclear Core Propulsion VSS Leg Treads Light Treads Leg VSS Leg Wheel Compact Wheel Utility Large Storage Unit Device Seismic Detector Storage Large Storage Unit Processor Improved Signal Interpreter Protection Light Armor Plating Weapon Enhanced Autogun Energy Cannon Beam Cannon Ballistic Gun Enhanced Autogun Ballistic Cannon Battle Cannon Launcher Heavy Missile Launcher Special Weapon Mining Laser Slashing Weapon Ripper Build | -11 -10 -10 -8 -8 -8 -7 -7 ------- Run | Yrd Mat Sub Mat Gar Mat Fac Sto Slots Evolved 6 | . . . 4 . . 2 . Power 1 | . . . . . . 1 . Propulsion 2 | . . . 2 . . . . Utility 3 | . . . 2 . . 1 . Weapon . | . . . . . . . . Parts Attached 74 | 8 13 14 20 . 7 5 7 Power 11 | 1 2 2 4 . 1 1 . Engine 6 | 1 1 2 2 . . . . Core 5 | . 1 . 2 . 1 1 . Reactor . | . . . . . . . . Propulsion 17 | 2 5 . 8 . 1 1 . Treads 4 | 2 1 . 1 . . . . Leg 8 | . . . 6 . 1 1 . Wheel 5 | . 4 . 1 . . . . Hover . | . . . . . . . . Flight . | . . . . . . . . Utility 19 | 3 3 2 5 . 3 2 1 Device 6 | 2 . . 1 . 1 1 1 Storage 5 | 1 3 . 1 . . . . Processor 2 | . . . . . 1 1 . Hackware . | . . . . . . . . Protection 6 | . . 2 3 . 1 . . Artifact . | . . . . . . . . Weapon 27 | 2 3 10 3 . 2 1 6 Energy Gun . | . . . . . . . . Energy Cannon 1 | . . 1 . . . . . Ballistic Gun 11 | 2 2 3 1 . . . 3 Ballistic Cannon 10 | . . 4 . . 2 1 3 Launcher 3 | . . 1 2 . . . . Special Weapon 1 | . 1 . . . . . . Impact Weapon . | . . . . . . . . Slashing Weapon 1 | . . 1 . . . . . Piercing Weapon . | . . . . . . . . Special Melee Weapon . | . . . . . . . . Unidentified Prototypes 4 | . . . 1 . . . 3 Parts Lost 28 | . 1 7 4 . 1 . 15 Power 5 | . . 1 1 . 1 . 2 Propulsion 9 | . 1 2 1 . . . 5 Utility 6 | . . 2 1 . . . 3 Weapon 8 | . . 2 1 . . . 5 Highest Loss Streak 14 | . 1 3 2 . 1 . 14 To Critical Strikes . | . . . . . . . . Average Backups 13 | 5 10 13 13 15 14 14 13 Power 1 | . 1 1 1 2 1 . . Propulsion 2 | 3 3 2 2 3 3 3 2 Utility 3 | . 1 3 3 4 4 4 3 Weapon 5 | 1 4 6 6 6 5 7 7 Tool/Special . | . . . . . . . . Unused Backups 23 | . 3 6 5 . 1 1 7 Power 2 | . . . 2 . . . . Propulsion 6 | . 3 . 1 . . . 2 Utility 4 | . . 2 . . 1 . 1 Weapon 11 | . . 4 2 . . 1 4 Tool/Special . | . . . . . . . . Average Slot Usage (%) 94 | . 99 93 87 100 99 98 83 Engine 4 | . 9 5 5 . . . . Core 7 | . 4 8 3 9 8 13 11 Treads 5 | . 17 8 . . . . . Leg 16 | . . . 25 36 36 30 21 Wheel 7 | . 9 14 7 . . . . Device 10 | . 14 12 6 9 8 14 13 Storage 11 | . 14 14 9 9 9 7 7 Protection 7 | . . 1 10 18 16 6 4 Ballistic Gun 12 | . 26 15 6 9 9 7 5 Ballistic Cannon 6 | . . 11 8 . 3 4 8 Slashing Weapon 2 | . . . 2 6 5 2 . Peak Build Rating 54 | 9 10 18 33 33 38 49 54 Average Rating 22 | 5 8 13 24 32 33 46 43 On Entrance 22 | . 7 10 13 33 33 38 49 Avg Prop Armor Cover (%) 10 | . 11 11 5 . . . . Naked Turns . | . . . . . . . . Heaviest Build 90 | 12 90 43 44 43 46 54 55 Greatest Support 56 | 40 40 20 53 51 51 54 56 Greatest Overweight (x) 8 | . 8 2 1 . . . 1 Average Overweight (x) . | . 1 1 . . . . . Largest Inventory Capacity 25 | 8 25 15 15 15 15 15 15 Average Capacity 14 | 7 15 15 15 15 15 15 15 Most Carried 16 | 7 16 15 15 15 15 15 15 Average Carried 13 | 5 10 13 13 14 14 14 13 Final Capacity 15 | 8 15 15 15 15 15 15 15 Final Carried 15 | 7 15 12 15 15 14 15 9 Class Distribution -------------------- 81% | Mutant 18% | Commander-Mutant Dominant Class ---------------- Mutant | -10/Materials Mutant | -10/Subcaves Mutant | -8/Materials Commander-Mutant | -8/Garrison Commander-Mutant | -8/Materials Mutant | -7/Factory Mutant | -7/Storage Resources | -11 -10 -10 -8 -8 -8 -7 -7 ----------- Run | Yrd Mat Sub Mat Gar Mat Fac Sto Matter Collected 4003 | 352 349 1203 1108 145 217 417 212 Remotely . | . . . . . . . . Salvage Created 3359 | 190 599 479 1033 12 316 331 399 Parts 194 | 17 32 30 72 . 16 13 14 Haulers Intercepted 4 | . 2 . 2 . . . . Recyclers Shooed 4 | . 2 . . . . 2 . Parts Field Recycled . | . . . . . . . . Retrieved Matter . | . . . . . . . . Parts Self-Destructed 12 | . . 12 . . . . . Prevented . | . . . . . . . . Parts Restored . | . . . . . . . . Kills | -11 -10 -10 -8 -8 -8 -7 -7 ------- Run | Yrd Mat Sub Mat Gar Mat Fac Sto Combat Hostiles Destroyed 69 | . 9 19 21 . 9 2 9 Melee 1 | . . . 1 . . . . Guns 30 | . 9 8 7 . 2 . 4 Cannons 29 | . . 8 7 . 7 2 5 AOE 9 | . . 3 6 . . . . Classes Destroyed 16 | 2 3 3 3 . 2 2 1 Worker 2 | . . . 1 . 1 . . Builder 2 | . . . . . . 1 1 Tunneler 6 | 5 . . 1 . . . . Hauler 4 | . 2 . 2 . . . . Recycler 9 | 1 1 . 3 . . 4 . Mechanic 2 | . . . . . . . 2 Operator 2 | . . . . . 2 . . Watcher 4 | . 2 . 2 . . . . Swarmer 12 | . . 3 7 . . . 2 Grunt 29 | . 9 2 6 . 6 1 5 Duelist 2 | . . . 1 . . . 1 Sentry 10 | . . . 7 . 2 . 1 Demolisher 1 | . . . . . 1 . . Programmer 1 | . . . . . . 1 . Artisan 1 | . . 1 . . . . . Subdweller 14 | . . 14 . . . . . Best Kill Streak 10 | 3 3 3 5 . 5 3 10 Combat Bots Only 5 | . 3 3 4 . 5 2 4 Max Kills in Single Turn 2 | 1 1 2 2 . 1 2 2 Gunslinging . | . . . . . . . . Exploded 2 | . . 2 2 . . . . Melee 1 | . . . 1 . . . . Uniques/NPCs Destroyed . | . . . . . . . . Combat | -11 -10 -10 -8 -8 -8 -7 -7 -------- Run | Yrd Mat Sub Mat Gar Mat Fac Sto Hostile Shots Fired 699 | . 55 88 77 . 46 26 407 Missed 219 | . 14 24 21 . 10 10 140 Hits 480 | . 41 64 56 . 36 16 267 Melee 4 | . . . . . . . 4 Projectile 476 | . 41 64 56 . 36 16 263 AOE 3 | . . . . . 3 . . Critical Strikes 8 | . . 1 1 . 3 . 3 Actively Blocked 3 | . . . . . . . 3 Damage Taken 6172 | . 509 1411 711 70 656 245 2570 Core 1050 | . 69 147 24 35 74 14 687 Absorbed by Shields . | . . . . . . . . Ignored by Resistances 50 | . . 50 . . . . . Regen/Repaired (Parts) 435 | . . . 240 . . 195 . Core Remaining (%) 62 | 100 . 13 . . 75 . . Volleys Fired 406 | 18 59 145 76 6 46 14 42 Largest 2 | 2 2 2 2 1 2 2 2 Hottest 100 | 40 100 80 63 39 62 72 87 Shots Fired 685 | 36 112 222 133 6 78 26 72 Gun 392 | 36 106 116 57 2 33 12 30 Cannon 273 | . . 104 68 . 45 14 42 Launcher 14 | . . 2 8 4 . . . Special 6 | . 6 . . . . . . Kinetic 661 | 36 106 216 125 2 78 26 72 Thermal 10 | . 6 4 . . . . . Explosive 14 | . . 2 8 4 . . . Electromagnetic . | . . . . . . . . Robot Hit Streak 16 | 7 10 14 12 . 9 16 9 Robot Miss Streak 5 | 2 2 3 5 . 2 2 3 Penetration Max 1 | . . . . . . . 1 Secondary Targets 2 | . 1 1 . . . . . Max Gunslinging Chain 1 | . 1 1 . . . . . Shots Hit Robots 411 | 21 71 113 75 2 53 20 56 Core Hits 160 | 7 31 36 38 2 18 9 19 Critical Kills 1 | . . 1 . . . . . Critical Parts Destroyed 3 | . . 2 . . . . 1 Critical Strikes 16 | . . 6 3 . 2 . 5 Destroy 7 | . . 6 . . . . 1 Blast 9 | . . . 3 . 2 . 4 Melee Attacks 58 | . . 10 18 10 13 7 . Impact . | . . . . . . . . Slashing 58 | . . 10 18 10 13 7 . Piercing . | . . . . . . . . Sneak Attacks 10 | . . . 4 . 3 3 . Combat Hostiles . | . . . . . . . . Follow-up Attacks . | . . . . . . . . Damage Inflicted 10081 | 224 837 2641 2258 376 1273 743 1729 Guns 4076 | 224 836 1244 721 . 470 106 475 Cannons 4060 | . . 1275 717 . 552 266 1250 Explosions 800 | . . 122 480 169 . 29 . Melee 1023 | . . . 327 207 251 238 . Ramming 122 | . 1 . 13 . . 104 4 Kinetic 8084 | 224 836 2467 1438 . 1022 372 1725 Thermal 81 | . . 52 . . . 29 . Explosive 771 | . . 122 480 169 . . . Electromagnetic . | . . . . . . . . Impact . | . . . . . . . . Slashing 1023 | . . . 327 207 251 238 . Piercing . | . . . . . . . . Highest Corruption 2 | . 2 2 . . . 1 1 Average Corruption 1 | . 2 2 . . . 1 1 Corruption Purged . | . . . . . . . . Corruption Blocked . | . . . . . . . . Effects 71 | . 17 51 . . . 1 2 Message Errors 17 | . 3 14 . . . . . Matter Fused 22 | . 10 12 . . . . . Heat Flow Errors 6 | . . 5 . . . . 1 Energy Discharges 8 | . . 8 . . . . . Parts Fused 3 | . 1 2 . . . . . Data Loss (minor) 8 | . 3 5 . . . . . Data Loss (major) 1 | . . . . . . 1 . Misfires 2 | . . 2 . . . . . Alerts 2 | . . 2 . . . . . Weapon Failures 2 | . . 1 . . . . 1 Overload Shots . | . . . . . . . . Overflow Damage 322 | . . . 121 22 104 75 . Projectiles 81 | . . . 34 . . 47 . Explosions 40 | . . . 20 20 . . . Melee 201 | . . . 67 2 104 28 . Knockbacks 44 | . . 20 7 . 9 4 4 Impact 1 | . . . . . . 1 . Kinetic 37 | . . 20 6 . 7 2 2 Secondary 6 | . . . 1 . 2 1 2 Self-Inflicted Damage 61 | . . 47 14 . . . . Shots 3 | . . 2 1 . . . . Rammed 1 | . 1 . . . . . . Targets Rammed 14 | . 1 . 3 . . 9 1 Kicked 13 | . . . 3 . . 9 1 Crushed . | . . . . . . . . Highest Temperature 319 | . 60 250 108 7 319 37 125 Average Temperature 61 | . 13 126 36 3 114 14 21 Received Heat Transfer 2273 | . 294 509 252 . 297 99 822 Effects 2 | . . . . . 2 . . Energy Bleed 1 | . . . . . 1 . . Interference 1 | . . . . . 1 . . Siege Activations . | . . . . . . . . Martial Activations . | . . . . . . . . Shielding Activations . | . . . . . . . . Robots Disrupted . | . . . . . . . . Combat Hostiles . | . . . . . . . . Robots Corrupted . | . . . . . . . . Combat Hostiles . | . . . . . . . . Parts Fried . | . . . . . . . . Impact Corruptions . | . . . . . . . . Robots Melted . | . . . . . . . . Combat Hostiles . | . . . . . . . . Parts Melted 2 | . . 1 . . . 1 . Heat Transferred 161 | . . 111 . . . 50 . Parts Sabotaged . | . . . . . . . . Parts Stolen . | . . . . . . . . Parts Stripped . | . . . . . . . . Power Chain Reactions . | . . . . . . . . Alert | -11 -10 -10 -8 -8 -8 -7 -7 ------- Run | Yrd Mat Sub Mat Gar Mat Fac Sto Maximum Alert Level 4 | . . . 1 4 4 2 1 Low Security (%) 28 | 100 100 . 27 . . . . Level 1 27 | . . . 72 21 . . 100 Level 2 17 | . . . . 32 16 100 . Level 3 8 | . . . . 32 10 . . Level 4 18 | . . . . 13 73 . . Level 5 . | . . . . . . . . High Security . | . . . . . . . . Max Security . | . . . . . . . . Peak Influence 1559 | 10 119 . 353 1279 1559 598 321 Initial 623 | . . . . 229 623 588 263 Average 493 | 1 28 . 230 706 1128 539 273 Influence Increases 4730 | 30 310 120 827 1090 1836 213 304 Destroy 0b10 Robot/C 1700 | . 180 100 420 20 740 40 200 Destroy 0b10 Robot/NC 190 | 30 25 . 45 . 50 25 15 Destroy Leader 412 | . 38 20 128 . 186 10 30 Allied During Kill 715 | . . . . 20 690 . 5 Successful Hack 140 | . 16 . 22 51 25 26 . Select Force Hacks 30 | . 30 . . . . . . Disable Machine 135 | . . . 30 15 45 45 . Anti-Garrison Action 850 | . . . . 850 . . . Destroy Structure 303 | . 6 . 77 134 40 37 9 Partial Spotted 45 | . . . 15 . 15 . 15 Lose Combat Pursuer 210 | . 15 . 90 . 45 30 30 Influence Decreases 4463 | 30 279 151 474 164 1820 929 616 Entered New Map 1818 | . . 15 . 124 656 707 316 Time Decay 1695 | 30 269 136 434 . 494 222 110 Lost Part 210 | . 10 . 40 . 10 . 150 Lost Ally 440 | . . . . 40 360 . 40 Purge Threat 300 | . . . . . 300 . . Squads Dispatched 17 | . 3 . 2 . 7 1 4 Investigation 2 | . 1 . . . 1 . . Extermination . | . . . . . . . . Reinforcement 8 | . 2 . 2 . 3 1 . Assault 5 | . . . . . 3 . 2 Garrison 2 | . . . . . . . 2 Intercept . | . . . . . . . . Searches Triggered . | . . . . . . . . Construction Impeded . | . . . . . . . . Haulers Reinforced 1 | . . . . . . 1 . Active Scanning Responses . | . . . . . . . . Cargo Convoy Interrupts . | . . . . . . . . Stealth | -11 -10 -10 -8 -8 -8 -7 -7 --------- Run | Yrd Mat Sub Mat Gar Mat Fac Sto Distress Signals 17 | . 3 . 4 . 9 . 1 Communications Jammed . | . . . . . . . . Distress Signals . | . . . . . . . . Times Spotted 151 | . 17 19 46 1 41 10 17 Peak Tracking Total 10 | . 3 3 5 1 6 5 10 Tactical Retreats 9 | . 1 1 3 . 2 1 1 Traps | -11 -10 -10 -8 -8 -8 -7 -7 ------- Run | Yrd Mat Sub Mat Gar Mat Fac Sto Traps Triggered 3 | . 1 . . 1 1 . . Indirectly . | . . . . . . . . Trap Hack Attempts . | . . . . . . . . Triggered . | . . . . . . . . Disarmed . | . . . . . . . . Reprogrammed . | . . . . . . . . Reused . | . . . . . . . . Traps Extracted . | . . . . . . . . Installed . | . . . . . . . . Triggered . | . . . . . . . . Machines | -11 -10 -10 -8 -8 -8 -7 -7 ---------- Run | Yrd Mat Sub Mat Gar Mat Fac Sto Machines Disabled 21 | . . 1 2 12 3 3 . Max in Single Turn 2 | . . 1 1 1 1 2 . Garrison Relay 6 | . . . . 6 . . . Phase Generator 1 | . . . . 1 . . . Machines Repaired . | . . . . . . . . Machines Dismantled . | . . . . . . . . Machines Sabotaged . | . . . . . . . . Overloaded Fab Kills . | . . . . . . . . Hacking | -11 -10 -10 -8 -8 -8 -7 -7 --------- Run | Yrd Mat Sub Mat Gar Mat Fac Sto Machines Accessed 38 | . 6 3 11 4 10 4 . Terminals 28 | . 5 . 8 4 9 2 . Fabricators . | . . . . . . . . Repair Stations 3 | . . . 2 . . 1 . Recycling Units 2 | . 1 . . . . 1 . Scanalyzers 1 | . . . . . 1 . . Garrison Access 1 | . . . 1 . . . . Total Hacks 91 | . 15 4 25 7 31 9 . Successful 57 | . 12 4 18 4 17 2 . Failed 34 | . 3 . 7 3 14 7 . Catastrophic 5 | . . . . . 3 2 . Database Lockouts . | . . . . . . . . Manual 47 | . 13 . 13 . 20 1 . Terminals 69 | . 14 . 15 7 30 3 . Fabricators . | . . . . . . . . Repair Stations 11 | . . . 9 . . 2 . Recycling Units 5 | . 1 . . . . 4 . Scanalyzers 1 | . . . . . 1 . . Garrison Access 1 | . . . 1 . . . . Terminal Hacks 20 | . 3 4 3 4 6 . . Record 2 | . . 1 1 . . . . Prototype ID Bank 2 | . 1 . . . 1 . . Open Door 2 | . . 1 . 1 . . . Branch Access Points 1 | . . . 1 . . . . Emergency Access Points 1 | . . . . 1 . . . Terminal Index 2 | . 1 . . . 1 . . Alert Level 2 | . . . 1 . 1 . . Unreport Threat 2 | . . . . . 2 . . Locate Traps 2 | . 1 . . . 1 . . Patrol Navigation 1 | . . . . 1 . . . Security Stations 1 | . . . . 1 . . . Proto ID Catalog 1 | . . 1 . . . . . Release Object 1 | . . 1 . . . . . Fabricator Hacks . | . . . . . . . . Repair Station Hacks 9 | . . . 7 . . 2 . Scan Component 5 | . . . 4 . . 1 . Repair 4 | . . . 3 . . 1 . Recycling Unit Hacks . | . . . . . . . . Scanalyzer 1 | . . . . . 1 . . Retrieve Study 1 | . . . . . 1 . . Garrison Access Hacks 1 | . . . 1 . . . . Unlock Access 1 | . . . 1 . . . . Unauthorized Hacks 26 | . 9 . 7 . 10 . . Terminals 25 | . 8 . 7 . 10 . . Botnet 8 | . 3 . 2 . 3 . . Skim 17 | . 5 . 5 . 7 . . Fabricators . | . . . . . . . . Repair Stations . | . . . . . . . . Recycling Units 1 | . 1 . . . . . . Tunnel 1 | . 1 . . . . . . Scanalyzers . | . . . . . . . . Garrison Access . | . . . . . . . . Data Cores Recovered . | . . . . . . . . Used . | . . . . . . . . Hacking Detections 23 | . 5 . 7 2 6 3 . Full Trace Events . | . . . . . . . . Feedback Events . | . . . . . . . . Feedback Blocked . | . . . . . . . . Robot Schematics Acquired . | . . . . . . . . Robots Built . | . . . . . . . . Authchips . | . . . . . . . . Time . | . . . . . . . . Total Robot Build Rating . | . . . . . . . . Part Schematics Acquired . | . . . . . . . . Parts Built . | . . . . . . . . Authchips . | . . . . . . . . Time . | . . . . . . . . Total Part Build Rating . | . . . . . . . . Part Studies Acquired 1 | . . . . . 1 . . Parts Repaired 4 | . . . 3 . . 1 . Time 109 | . . . 90 . . 19 . Parts Recycled . | . . . . . . . . Recycled Matter . | . . . . . . . . Retrieved Matter . | . . . . . . . . Retrieved Components . | . . . . . . . . Parts Scanalyzed . | . . . . . . . . Part Schematics Acquired . | . . . . . . . . Parts Damaged . | . . . . . . . . Bothacking | -11 -10 -10 -8 -8 -8 -7 -7 ------------ Run | Yrd Mat Sub Mat Gar Mat Fac Sto Used RIF Installer . | . . . . . . . . Robots Hacked . | . . . . . . . . Non-combat . | . . . . . . . . Combat . | . . . . . . . . Robot Hacks Applied . | . . . . . . . . Relay Couplers Released 29 | . . . . 29 . . . Machine Destruction 26 | . . . . 26 . . . Programmers 3 | . . . . 3 . . . Fabnet Peak Effective % . | . . . . . . . . Robots Rewired 27 | . . . . 27 . . . Allies Hacked . | . . . . . . . . Hacks Repelled . | . . . . . . . . Allies | -11 -10 -10 -8 -8 -8 -7 -7 -------- Run | Yrd Mat Sub Mat Gar Mat Fac Sto Total Allies 29 | . . . . 27 . . 2 Largest Group 23 | . . . . 23 22 . 2 Highest-Rated Group 517 | . . . . 517 493 . 62 Highest-Rated Ally 40 | . . . . 40 40 . 31 Initial Warlord ECA Mod 13 | . . . . . 13 12 12 Total Orders . | . . . . . . . . Ally Attacks 187 | . . . . 10 169 . 8 Total Damage 3417 | . . . . 91 3222 . 104 Kills 39 | . . . . 1 37 . 1 Allies Corrupted 1 | . . . . . 1 . . Allies Melted . | . . . . . . . . Intel | -11 -10 -10 -8 -8 -8 -7 -7 ------- Run | Yrd Mat Sub Mat Gar Mat Fac Sto Active Infowar (turns) 8356 | 46 1055 3080 1222 1227 1142 472 112 Sensors 584 | . . . . . . 472 112 Terrain 1 | 1 . . . . . . . Seismic 7771 | 45 1055 3080 1222 1227 1142 . . Robot Analysis Total . | . . . . . . . . Derelict Logs Recovered 2 | . . 2 . . . . . Drone Launches . | . . . . . . . . Drone Recoveries . | . . . . . . . . Exploration | -11 -10 -10 -8 -8 -8 -7 -7 ------------- Run | Yrd Mat Sub Mat Gar Mat Fac Sto Turns Passed 9826 | 276 1055 3556 1692 1227 1315 479 226 Spaces Moved 6019 | 130 534 1983 1111 856 1034 320 51 Core 2 | 2 . . . . . . . Treads 396 | 128 246 22 . . . . . Legs 2976 | . . . 715 856 1034 320 51 Wheels 2645 | . 288 1961 396 . . . . Hover . | . . . . . . . . Flight . | . . . . . . . . Fastest Speed 50 | 50 100 115 90 97 86 86 97 Average Speed 111 | 158 143 125 100 97 92 92 154 Slowest Speed 240 | 160 200 240 190 97 97 97 177 Overloaded Moves . | . . . . . . . . Propulsion Burnouts . | . . . . . . . . Robots Hopped . | . . . . . . . . Potential Cave-ins 3 | . . 3 . . . . . Cave-ins Triggered . | . . . . . . . . Exploration Rate (%) 58 | 6 92 86 79 97 88 10 11 Regions Visited 7 Branch Regions 2 Pre-discovered Areas 8 | . 2 3 2 . 1 . . Known Exits Taken 4 | . . 1 1 . 1 1 . Unknown Exits Taken 2 | 1 1 . . . . . . Scrap Searched 16 | . . 16 . . . . . Spaces Dug 115 | . 6 6 65 16 18 4 . Terrain Destroyed 470 | . 6 32 99 260 24 39 10 Melee 24 | . . . 12 1 9 2 . Projectile 77 | . 6 23 13 . 15 10 10 AOE 369 | . . 9 74 259 . 27 . Terrain Rammed . | . . . . . . . . Walls Destroyed . | . . . . . . . . Machines Disabled . | . . . . . . . . Actions | -11 -10 -10 -8 -8 -8 -7 -7 --------- Run | Yrd Mat Sub Mat Gar Mat Fac Sto Total 8334 | 164 702 2798 1539 1229 1306 470 126 Wait 1310 | 1 72 590 256 73 196 108 14 Move 6013 | 129 533 1982 1110 855 1033 320 51 Hop . | . . . . . . . . Pick Up 59 | 7 11 13 18 1 3 4 2 Fast Attach 37 | 8 4 2 14 . 4 2 3 Attach 23 | . . 6 7 . 2 2 6 Detach 5 | . 1 1 2 . . . 1 Swap 77 | . 12 36 15 6 4 3 1 Drop 56 | 1 9 13 20 1 5 2 5 Fire 406 | 18 59 145 76 6 46 14 42 Melee 58 | . . 10 18 10 13 7 . Ram . | . . . . . . . . Kick 12 | . . . 3 . . 8 1 Crush 1 | . 1 . . . . . . Escape Stasis . | . . . . . . . . Rewire 277 | . . . . 277 . . . Trap . | . . . . . . . . Miscellaneous . | . . . . . . . . Route ------- -11/Scrapyard -10/Materials (discovered 5 exits: *Mat x3 / [*Min] / *Sub) -10/Subcaves (discovered 4 exits: *Mat x2 / Rec / [*Scr]) -8/Materials (discovered 4 exits: *Fac x3 / Gar) -8/Garrison (discovered 3 exits: *Mat x3) -8/Materials (discovered 3 exits: *Fac x3) -7/Factory (discovered 5 exits: Fac x3 / *Sto x2) -7/Storage History --------- Turn | Location | Event 18 | -11/Scrapyard | Discovered new exit (range 16) 277 | -11/Scrapyard | Entered Materials 316 | -10/Materials | Build established: Mutant 602 | -10/Materials | Discovered new exit (range 6) 734 | -10/Materials | Discovered new exit (range 13) 909 | -10/Materials | Discovered new exit (range 16) 932 | -10/Materials | Learned Storage trap positions 973 | -10/Materials | Learned location of Recycling (-7) 1002 | -10/Materials | Identified exit to Materials 1032 | -10/Materials | Learned location of 2 exits from Subcaves 1033 | -10/Materials | Learned 4 Recycling zone layouts 1042 | -10/Materials | Learned 2 Mines zone layouts 1059 | -10/Materials | Learned 4 Subcaves zone layouts 1303 | -10/Materials | Discovered new exit (range 9) 1332 | -10/Materials | Entered Subcaves 1333 | -10/Subcaves | Approached by a straggling Scientist 1333 | -10/Subcaves | Identified exit to Materials 1334 | -10/Subcaves | Identified exit to Recycling 1339 | -10/Subcaves | Learned location of Zion (-6) 1398 | -10/Subcaves | A swath of the cavern ceiling suddenly collapsed 1585 | -10/Subcaves | Shifting Twisted Machinery released Barrage Gun 1616 | -10/Subcaves | Shifting Twisted Machinery released Sub. Machine Gun 1684 | -10/Subcaves | Scientist uncovered a shortcut to Scraptown 1844 | -10/Subcaves | Disturbed a concealed Subdweller 1890 | -10/Subcaves | Met a Zionite searching for "candidates" 2280 | -10/Subcaves | Ambushed by angry Subdweller bent on revenge 2524 | -10/Subcaves | Shifting Twisted Machinery released Flamer 2525 | -10/Subcaves | Shifting Twisted Machinery released Flamer 2728 | -10/Subcaves | Shifting Twisted Machinery released Sub. Beam Cannon 2977 | -10/Subcaves | Core integrity fell below 50% 3039 | -10/Subcaves | Shifting Twisted Machinery released Mak. Sword 3532 | -10/Subcaves | Lost 3 parts (1p1n1u) 3611 | -10/Subcaves | Core integrity fell below 20% 4233 | -10/Subcaves | Visited 4L-MR0's lab 4250 | -10/Subcaves | Found Gun Armor 4735 | -10/Subcaves | A swath of the cavern ceiling suddenly collapsed 4888 | -10/Subcaves | Entered Materials 4888 | -8/Materials | Evolved 4 slots: Propulsion x2, Utility x2 5129 | -8/Materials | Discovered new exit (range 10) 5618 | -8/Materials | Learned 2 Lower Caves zone layouts 5750 | -8/Materials | Discovered new exit (range 5) 5784 | -8/Materials | Learned Factory emergency access door positions 5821 | -8/Materials | Learned location of 2 exits from Factory 5867 | -8/Materials | Learned Factory stockpile data 5896 | -8/Materials | Learned Factory trap positions 5933 | -8/Materials | Learned location of Lower Caves (-7) 5981 | -8/Materials | Identified exit to Factory 6137 | -8/Materials | Repaired Med. Armor Plating 6164 | -8/Materials | Repaired Lgt. Armor Plating 6550 | -8/Materials | Repaired Battle Cannon 6574 | -8/Materials | Identified exit to Garrison 6580 | -8/Materials | Entered Garrison 6580 | -8/Garrison | Discovered recently destroyed garrison 6618 | -8/Garrison | Garrison Relay disabled 6747 | -8/Garrison | Discovered new exit (range 14) 6844 | -8/Garrison | Garrison Relay disabled 6969 | -8/Garrison | Garrison Relay disabled 7019 | -8/Garrison | Phase Generator disabled 7116 | -8/Garrison | Build established: Commander-Mutant 7341 | -8/Garrison | Learned Materials security intel 7347 | -8/Garrison | Discovered new exit (range 15) 7391 | -8/Garrison | Lost 4 allies 7460 | -8/Garrison | Garrison Relay disabled 7524 | -8/Garrison | Garrison Relay disabled 7651 | -8/Garrison | Discovered new exit (range 13) 7704 | -8/Garrison | Garrison Relay disabled 7807 | -8/Garrison | Entered Materials 7807 | -8/Materials | Accompanied by 22 allies 8344 | -8/Materials | Lost 4 allies 8356 | -8/Materials | Discovered exit to Factory (range 4) 8394 | -8/Materials | Learned 2 Lower Caves zone layouts 8440 | -8/Materials | Learned 4 Lower Caves zone layouts 8474 | -8/Materials | Learned 2 Lower Caves zone layouts 8512 | -8/Materials | Learned Factory trap positions 8519 | -8/Materials | Learned 8 Factory zone layouts 8520 | -8/Materials | Learned location of 1 exit from Lower Caves 8531 | -8/Materials | Learned Factory stockpile data 8554 | -8/Materials | Learned Storage emergency access door positions 8561 | -8/Materials | Discovered exit to Factory (range 10) 8607 | -8/Materials | First assault squad dispatched 8631 | -8/Materials | Learned location of 1 exit from Recycling 8647 | -8/Materials | Lost 10 allies 8916 | -8/Materials | Build established: Mutant 9122 | -8/Materials | Entered Factory 9122 | -7/Factory | Evolved 2 slots: Power x1, Utility x1 9123 | -7/Factory | Identified exit to Factory 9123 | -7/Factory | Identified exit to Storage 9126 | -7/Factory | Loaded intel: 97 trap records 9494 | -7/Factory | Repaired Hrd. Medium Armor Plating 9601 | -7/Factory | Entered Storage 9602 | -7/Storage | Loaded intel: 27 trap records 9608 | -7/Storage | Met a pair of Derelict thieves 9651 | -7/Storage | Garrison activated, responded to threat 9785 | -7/Storage | Core integrity fell below 50% 9809 | -7/Storage | Core integrity fell below 20% 9822 | -7/Storage | Lost 14 parts (2p5n3u4w) 9827 | -7/Storage | Destroyed by Y-54 Guardian with Gatling Laser Last Messages --------------- 09772_ VSS Leg+ destroyed. 09772_ Titanium Leg destroyed. 09777_ G-47 Trooper knocked back. 09780_ G-47 Trooper destroyed. 09780_ Slug penetrates Y-54 Guardian. 09780_ M-28 Smith destroyed. 09783_ L-41 Fighter destroyed. 09787_ Prc. Assault Rifle destroyed. 09790_ Y-54 Guardian Lgt. Treads blasted off. 09791_ Mass Driver destroyed. 09791_ Imp. Heat Sink destroyed. [Achievement: Hydra] 09794_ Y-54 Guardian suffers critical hit (Blast). 09794_ Destroyed Imp. Heat Sink. 09797_ Y-54 Guardian destroyed. 09800_ Slug penetrates Y-54 Guardian. 09815_ System corrupted: Mni. Assault Cannon jammed. 09826_ Mass Driver destroyed. Map ----- +----------------------------------------------------+ | ?????????????????????????????????? | | ?????????????????????????????????? | | ?????????????????????????????????? | | ?????????????????????????????????? | | ?????????????????????????????????? | | ?????????????????????????????????? | | ?????????????????????????????????? | | ?????????????????????????????????? | | ?????????????????????????????????? | | ?????????????????????????????????? | | ?????????????????????????????????? | | ?????????????????????????????????? | | ?????????????????????????????????? | | ?????????????????########????????? | | ????????????????## ????#???? | | ????????????????#; #??? #???? | | ????????????????## #??? #???? | | ????????????????#; ####/####? | | ?????????????????# # ?? | | ???????????????### # #?? | | ??????????????? # =#!""" #?? | | ??????????????? # !%%#%""" #?? | | ???????????????" + [!!/[""" #?? | | ????????#??????" # ![g=%*% #?? | | ????????# ?????" #####;*=#######?? | | ????????# """""" #????#=%@% #??? | | ????????# #????#%!= #??? | | ????????# #####%Y% #??? | | ????????# / %% #??? | | #############/#######%#;## #??? | | *[! # ###?? #??? | | =%[ ;#????? #??? | | %*%** #??????+##+#??? | | ###+#########+######?????????????? | | ??^????????## #???????????????? | | ???????????#T #???????????????? | | ??????????###" "##???????????????? | | ??????????# !#???????????????? | | ??????????#] [ #???????????????? | | ??????????# ] [[#???????????????? | | ??????????#] [] #???????????????? | | ??????????########???????????????? | | ?????????????????????????????????? | | ?????????????????????????????????? | | | | | | | | | | | | | +----------------------------------------------------+ Best States ------------- Heat Dissipation 48 Energy Generation 25 Energy Capacity 265 Matter Stores 300 Matter Capacity 300 Sight Range 16 Robot Scan Range 15 Terrain Scan Density 10 Armor Coverage 375 Resistance: KI 10 Evasion (%) 57 Recoil Reduction 2 Item Schematics ----------------- None Robot Schematics ------------------ None Fabricated ------------ Nothing Repaired ---------- Med. Armor Plating | 57% | -8/Materials Lgt. Armor Plating | 15% | -8/Materials Battle Cannon | 5% | -8/Materials Hrd. Medium Armor Plating | 18% | -7/Factory Studied --------- VSS Leg | -8/Materials | Hacked Alien Tech Used ----------------- None Achievements -------------- Art Critic Hydra Nice Directions, Buddy Sprinter Challenges ------------ None Game ------ Seed SigixOvertunedJetlance Manual? 0 Play Time 03:01:57 Cumulative 497.7 hours Start 2026.03.16 @ 19:44:26 End 2026.03.16 @ 23:32:07 Sessions 1 Manual Loads 0 Difficulty Rogue Special Mode None Game No. 16 Rogue 6 Adventurer 8 Explorer 2 Win Type - Total 13 Types 4/1/1/2/1/2/1/0/1/0 Lore% 55 Gallery% 52 Achievement% 47 Wizard Run 0 Options --------- Layout 1 ASCII 0 Keyboard 0 Movement Arrows Keybinds 0 Fullscreen 1 Font 48/Terminus Map View 50x35 Zoom Use 0% Tactical HUD 1 Map Filters NONE Filters NONE Steam 1 RUN: bfb43885-3708-4391-b551-809630497ce9